 Dungeon Crawl Stone Soup version 0.29-a0-314-gb00dd7cb4b (webtiles) character file.

Game seed: 17738477307031144804

27 Bnni the Skirmisher (level 2, -5/24 HPs)
             Began as a Demonspawn Fighter on Mar 28, 2022.
             Slain by a gnoll
             ... wielding a +0 flail
              (7 damage)
             ... on level 1 of the Dungeon.
             The game lasted 00:02:07 (341 turns).

Bnni the Skirmisher (Demonspawn Fighter)             Turns: 341, Time: 00:02:07

Health: -5/24      AC:  6    Str: 16    XL:     2   Next: 93%
Magic:  2/2        EV:  8    Int:  9    God:
Gold:   16         SH:  4    Dex: 12    Spells: 1/1 levels left

rFire   . . .      SeeInvis .   a - +0 trident
rCold   . . .      Faith    .   c - +0 buckler
rNeg    . . .      Spirit   .   b - +0 scale mail
rPois   .          Reflect  .   (no helmet)
rElec   .          Harm     .   (no cloak)
rCorr   .          Rampage  .   (no gloves)
Will    .....                   (no boots)
Stlth   ..........              (no amulet)
HPRegen 0.08/turn               (no ring)
MPRegen 0.08/turn               (no ring)

@: mighty
A: demonic guardian 1
a: no special abilities


You were on level 1 of the Dungeon.
You visited 1 branch of the dungeon, and saw 1 of its levels.

You collected 16 gold pieces.

Inventory:

Hand Weapons
 a - a +0 trident (weapon)
Missiles
 f - 2 poisoned darts (quivered)
Armour
 b - a +0 scale mail (worn)
 c - a +0 buckler (worn)
Scrolls
 e - a scroll of teleportation {unknown}
 g - a scroll of vulnerability {unknown}
 h - 2 scrolls of immolation {unknown}


   Skills:
 + Level 3.3 Fighting
 * Level 2.8 Polearms
 - Level 2.6 Armour
 - Level 2.6 Shields


You had one spell level left.
You didn't know any spells.
Your spell library was empty.

Dungeon Overview and Level Annotations

Branches:
Dungeon (1/15)

Altars:
Ru


Innate Abilities, Weirdness & Mutations

A weak demonic guardian rushes to your aid.


Message History

You closely miss the giant cockroach. The giant cockroach barely misses you.
You block the giant cockroach's attack.
You hit the giant cockroach but do no damage.
The giant cockroach barely misses you.
You barely miss the giant cockroach.
The giant cockroach bites you but does no damage.
The giant cockroach bites you.
You barely miss the giant cockroach.
The giant cockroach bites you but does no damage.
You hit the giant cockroach.
You kill the giant cockroach!
No target in view!
You see here a giant cockroach corpse.
There is an open door here.
You see here a +0 leather armour.
h - 2 scrolls labelled OJAHYA LIYX A gnoll comes into view.
It is wielding a +0 flail.
The gnoll shouts!
You reach to attack!
You hit the gnoll but do no damage. You closely miss the gnoll.
The gnoll closely misses you. The gnoll hits you with a +0 flail.
You hit the gnoll but do no damage. The gnoll hits you with a +0 flail.
You puncture the gnoll!
The gnoll is heavily wounded.
The gnoll hits you with a +0 flail.
You are too injured to fight recklessly!
You are too injured to fight recklessly!
You barely miss the gnoll.
The gnoll is heavily wounded.
The gnoll hits you with a +0 flail. The gnoll attacks as you move away!
You block the gnoll's attack.
Okay, then.
You feel very mighty all of a sudden. The gnoll completely misses you.
You barely miss the gnoll.
The gnoll is heavily wounded.
The gnoll hits you with a +0 flail!
* * * LOW HITPOINT WARNING * * *
A demonic guardian appears!
The gnoll hits you with a +0 flail!
You die...

....# .....# ....# #.
.....# ....# #.# .....#
....#### #.# .....##
......##.. #.# .......
......##... #.##.......
##†...##...###..........
.......#........g.5.####
.......#........@.......
.......###...?.#.#......
........................
........................
.......#.#....##.#...#..
.......#.#....##.#.#.#..
######.................#
.....+.....#.....#......
######.....#.#.#.###.###


You could see a gnoll (ally target) and a friendly iron imp (summoned).

Vanquished Creatures
  A dart slug (D:1)
  2 ball pythons (D:1)
  4 endoplasms (D:1)
  2 giant cockroaches (D:1)
  2 goblins (D:1)
  2 hobgoblins (D:1)
  A quokka (D:1)
  3 bats (D:1)
  2 frilled lizards (D:1)
  A kobold (D:1)
  4 rats (D:1)
24 creatures vanquished.

Notes
Turn   | Place    | Note
-------+----------+-------------------------------------------
     0 | D:1      | Bnni the Demonspawn Fighter began the quest for the Orb.
     0 | D:1      | Reached XP level 1. HP: 18/18 MP: 1/1
    73 | D:1      | Gained mutation: A weak demonic guardian rushes to your
                  | aid. [demonic ancestry]
    73 | D:1      | Reached XP level 2. HP: 24/24 MP: 2/2
    91 | D:1      | Found a faded altar of an unknown god.
   148 | D:1      | Prayed at the altar of an unknown god.
   148 | D:1      | Became a worshipper of Ru the Awakened
   150 | D:1      | Fell from the grace of Ru
   341 | D:1      | Slain by a gnoll

Illustrated notes

Levels and vault maps discovered:
D:1:      heliophobic_arrival_battle_scene, layout_basic, basic_ecumenical_altar

Skill      XL: |  1 |
---------------+----+-----
Polearms       | 2 |  2.8
Fighting       | |  3.3
Armour         | |  2.6
Shields        | |  2.6

Action                   || total
-------------------------++-------
Melee: Trident           ||    57
Invok: Renounce Religion ||     1
  Use: Potion            ||     1
Armor: Scale mail        ||    14
Dodge: Dodged            ||    13
Block: Buckler           ||     9

Table legend: (Time is in decaauts)
 A = Elapsed time spent in this place.
 B = Non-inter-level travel time spent in this place.
 C = Inter-level travel time spent in this place.
 D = Time resting spent in this place.
 E = Time spent auto-exploring this place.
 F = Levels seen in this place.
 G = Mean time per level.
                   A        B        C        D        E       F      G
               +--------+--------+--------+--------+--------+-----+--------+
         Total |    353 |    353 |      0 |      0 |    211 |   1 |  353.0 |
       Dungeon |    353 |    353 |      0 |      0 |    211 |   1 |  353.0 |
               +--------+--------+--------+--------+--------+-----+--------+

Top non-repeatable levels by time:
     D:1: 353 daAuts
